Match 44530380
Unlisted

Match 44530380
End
Kradschützen Motorcycle Team
Panzerpioneer Squad
250 Light Carrier
Selects Italian Infantry
250 Light Carrier
Construct Light Support Kompanie
Construct Mechanized Kompanie
Combat Half-tracks
Vehicle Survival Package
Support Armor Elements
Selects Guastatori Squad
Guastatori Squad
Pak 38 Mechanized Group
Emergency Repair Kits
Selects Defensive Operations
Construct Panzerarmee Kommand
Flak 36 Anti-tank Gun Team
Selects Registered Artillery
2.5-tonne Medical Truck
funny mud pee
Republican
Al Bundy
Krautkocher
OHMYGOD
DibbeTC
MarsAlien
Kag_Warduff
0
0

Comments sign in to comment!

No comments posted yet!